AoeStats
← MooseMooch

Arena

508838302Analyzed
1v1 RM · 8d ago on Sep 24, 2026· 25m 22s· 2 players
Game mode
Random Map
Map size
Tiny (2 player)
Population
200
Speed
Normal
Resources
Standard
Victory
Conquest
Starting age
Dark Age
Ending age
Imperial Age
RankedLock teamsTeams togetherTeam positionsShared explorationLock speedFull tech treeHidden civsTurbo modeCheats
Victory
Defeat
🇭🇰 Aztecs · Hong Kong SAR China
1304
+14
🇩🇪 Portuguese · Germany
1265
-14
MooseMooch
10:31 Feudal Age
14:27 Castle Age
12:35 Double-Bit Axe
12:51 Horse Collar
17:23 Bow Saw
17:40 Heavy Plow
21:49 Fletching
22:15 Crossbowman
23:39 Ballistics
23:44 Bodkin Arrow
王老吉字花檔
9:22 Loom
11:10 Feudal Age
14:16 Double-Bit Axe
14:22 Gold Mining
14:14 Horse Collar
17:18 Castle Age
22:03 Imperial Age
20:36 Bow Saw
21:10 Fervor
21:33 Sanctity
23:22 Gold Shaft Mining
23:06 Block Printing
23:39 Illumination
Connection lost

Rejoining the realm…

Still unreachable

The connection could not be restored.

Session expired

The server has moved on; the page needs a fresh start.